 Dungeon Crawl Stone Soup version 0.30-a0-983-g7e3032bf44 (webtiles) character file.

Game seed: 5663414183159759000

18 Sedotto the Chiller (level 2, 0/11 HPs)
             Began as a Felid Ice Elementalist on Apr 1, 2023.
             Slain by a jackal (2 damage)
             ... on level 1 of the Dungeon.
             The game lasted 00:11:30 (408 turns).

Sedotto the Chiller (Felid Ice Elementalist)         Turns: 408, Time: 00:11:30

Health: 0/11       AC:  1    Str:  4    XL:     2   Next: 48%
Magic:  6/6        EV: 17    Int: 16    God:
Gold:   28         SH:  0    Dex: 16    Spells: 4/5 levels left
                                        Lives:  0   Deaths: 0

rFire   . . .      SeeInvis +    (weapon unavailable)
rCold   . . .      Faith    .    (shield unavailable)
rNeg    . . .      Spirit   .    (body armour unavailable)
rPois   .          Reflect  .    (helmet unavailable)
rElec   .          Rampage  .    (cloak unavailable)
rCorr   .                        (gloves unavailable)
Will    .....                    (boots unavailable)
Stlth   ++                       (no amulet)
HPRegen 0.21/turn                (no ring)
MPRegen 0.10/turn                (no ring)

@: quick
A: very small, claws 1, fangs 3, see invisible, speed 1, shaggy fur 1, stealthy
paws, no weapons or thrown items, no armour, multi-lived
a: no special abilities


You were on level 1 of the Dungeon.
You visited 1 branch of the dungeon, and saw 1 of its levels.

You collected 28 gold pieces.

Inventory:

Hand Weapons
 b - a +0 short sword
 c - a +0 dagger
 e - a +0 club
 f - a +0 quarterstaff
 g - a +0 club
 h - a +0 dagger
Missiles
 d - 3 large rocks
Potions
 a - a potion of magic


   Skills:
 + Level 2.9 Dodging
 + Level 2.7 Stealth
 + Level 0.6 Unarmed Combat
 + Level 2.0 Spellcasting
 + Level 4.0 Ice Magic


You had 4 spell levels left.
You knew the following spells:

 Your Spells              Type           Power      Damage    Failure   Level
a - Freeze                Ice            56%        1d7       3%          1

Your spell library contained the following spells:

 Spells                   Type           Power      Damage    Failure   Level
 Frozen Ramparts          Ice            28%        1d5       12%         3
 Ozocubu's Armour         Ice            14%        N/A       12%         3
 Dazzling Flash           Conj/Hex       2%         N/A       52%         3
 Summon Ice Beast         Ice/Summ       8%         N/A       65%         4
 Iskenderun's Mystic Bla  Conj/Tloc      1%         2d3       90%         4
 Starburst                Conj/Fire      0%         6d3       100%        6


Dungeon Overview and Level Annotations

Branches:
Dungeon (1/15)

Altars:


Innate Abilities, Weirdness & Mutations

You have sharp claws.
You have razor-sharp teeth.
You have supernaturally acute eyesight. (SInv)
You cover ground quickly. (Speed+)
You are covered in fur. (AC +1)
Your paws help you pounce on unaware monsters.
You are incapable of wielding weapons or throwing items.
You cannot wear armour.
You gain extra lives every three experience levels.


Message History

h - a +0 dagger
Found a stone staircase leading down.
A jackal and a goblin come into view.
A jackal comes into view.
Found 13 gold pieces.
A jackal and a kobold come into view.
The goblin shouts!
The jackal barks!
You hear a bark!
The jackal barks!
A giant cockroach comes into view.
The goblin hits you with a +0 club.
A rat comes into view.
You barely miss the goblin. You bite the goblin, but do no damage.
The goblin misses you.
A dart slug comes into view.
You closely miss the goblin. The goblin closely misses you.
You scratch the goblin.
The goblin is severely wounded.
The goblin hits you with a +0 club.
You scratch the goblin but do no damage.
The goblin is severely wounded.
The goblin hits you with a +0 club.
* * * LOW HITPOINT WARNING * * *
You closely miss the goblin.
The goblin is severely wounded.
The goblin closely misses you.
You scratch the goblin.
You kill the goblin!
The jackal attacks as you move away! The jackal closely misses you.
The jackal completely misses you. The jackal attacks as you move away!
The jackal completely misses you. The jackal completely misses you.
The jackal attacks as you move away! The jackal completely misses you.
You completely miss the jackal. The jackal bites you.
* * * LOW HITPOINT WARNING * * *
The jackal misses you. The jackal attacks as you move away!
The jackal barely misses you. The jackal closely misses you.
The jackal bites you.
* * * LOW HITPOINT WARNING * * *
The jackal bites you.
You die...

#.# #B# #.#
#h# #.# ###B#
##.h.# ##hh###
... ###.@##
#.# ###...##
#.# ####...###
#.# #....###
#.# ##.#####
#.####......#
#.##........#
##.#..#......#
.............#


You could see 3 jackals and a giant cockroach.

Vanquished Creatures
  3 endoplasms (D:1)
  3 goblins (D:1)
  A hobgoblin (D:1)
  A ball python (D:1)
  3 bats (D:1)
  A frilled lizard (D:1)
  3 kobolds (D:1)
  A rat (D:1)
16 creatures vanquished.

Notes
Turn   | Place    | Note
-------+----------+-------------------------------------------
     0 | D:1      | Sedotto the Felid Ice Elementalist began the quest for the
                  | Orb.
     0 | D:1      | Reached XP level 1. HP: 7/7 MP: 4/4
   209 | D:1      | Reached XP level 2. HP: 11/11 MP: 6/6
   329 | D:1      | Reached skill level 4 in Ice Magic
   408 | D:1      | Slain by a jackal

Illustrated notes

Levels and vault maps discovered:
D:1:      minmay_arrival_glassed_features, layout_basic

Skill      XL: |  1  2 |
---------------+-------+-----
Ice Magic      | 4 |  4.0
Dodging        | |  2.9
Stealth        | |  2.7
Unarmed Combat | |  0.6
Spellcasting   | |  2.0

Action                     || total
---------------------------++-------
  Melee: Unarmed           ||    54
         Bite              ||     8
   Stab: Sleeping          ||     2
 Armour: Skin              ||     3
  Dodge: Dodged            ||    52

Table legend: (Time is in decaauts)
 A = Elapsed time spent in this place.
 B = Non-inter-level travel time spent in this place.
 C = Inter-level travel time spent in this place.
 D = Time resting spent in this place.
 E = Time spent auto-exploring this place.
 F = Levels seen in this place.
 G = Mean time per level.
                   A        B        C        D        E       F      G
               +--------+--------+--------+--------+--------+-----+--------+
         Total |    340 |    338 |      2 |      0 |     25 |   1 |  340.0 |
       Dungeon |    340 |    338 |      2 |      0 |     25 |   1 |  340.0 |
               +--------+--------+--------+--------+--------+-----+--------+

Top non-repeatable levels by time:
     D:1: 340 daAuts
